 Dungeon Crawl Stone Soup version 0.29-a0-553-g81b289dbe5 (webtiles) character file.

Game seed: 6892277892501761200

4683 nrs142 the Spear-Bearer (level 10, -1/94 HPs)
             Began as a Minotaur Monk on June 6, 2022.
             Was a Follower of Ashenzari.
             Slain by a wolf (6 damage)
             ... led by Grum
             ... on level 8 of the Dungeon.
             The game lasted 00:22:24 (7787 turns).

nrs142 the Spear-Bearer (Minotaur Monk)             Turns: 7787, Time: 00:22:26

Health: -1/94      AC:  3    Str: 25    XL:     10   Next: 21%
Magic:  9/9        EV: 16    Int:  7    God:    Ashenzari [*.....]
Gold:   609        SH:  0    Dex: 14    Spells: 9/9 levels left

rFire   . . .      SeeInvis .   p - +1 halberd (drain)
rCold   . . .      Faith    .   (shield currently unavailable)
rNeg    . . .      Spirit   .   f - +0 leather armour "Chained With Me" {Range, Fort} (curse)
rPois   .          Reflect  .   (helmet restricted)
rElec   .          Harm     .   (no cloak)
rCorr   .          Rampage  .   (no gloves)
Will    .....                   (no boots)
Stlth   +++.......              A - amulet of regeneration
HPRegen 1.05/turn               u - ring of the Lashed Secrets {Str+6, Melee, Self} (curse)
MPRegen 0.11/turn               (no ring)

@: no status effects
A: horns 2, retaliatory headbutt
a: Renounce Religion, Curse Item, Shatter the Chains


You were on level 8 of the Dungeon.
You worshipped Ashenzari.
Ashenzari was aware of your devotion.
You visited 2 branches of the dungeon, and saw 10 of its levels.
You also visited: Sewer and Ossuary.

You collected 609 gold pieces.

Inventory:

Hand Weapons
 a - a +0 spear
 p - a +1 halberd of draining (weapon)
Armour
 b - a +0 robe
 f - the cursed +0 leather armour "Chained With Me" (worn) {Range, Fort}
   (You found it on level 1 of the Dungeon)

   It has a curse which improves the following skills: Ranged Combat: Slings,
   Bows, Crossbows and Throwing.
   Fortitude: Armour and Shields.
 y - a +0 scale mail
 D - +0 acid dragon scales
Jewellery
 h - the ring of Salvation {+Blink rC- rCorr Str+6 Int+3}
   (You acquired it on level 4 of the Dungeon)

   [ring of resist corrosion]

   Str:       It affects your strength (+6).
   Int:       It affects your intelligence (+3).
   rC:        It makes you vulnerable to cold.
   +Blink:    It lets you blink.
   rCorr:     It protects you from acid and corrosion.
 u - the cursed ring of the Lashed Secrets (left hand) {Str+6, Melee, Self}
   (You found it on level 5 of the Dungeon)

   [ring of strength]

   Str:       It affects your strength (+6).
   It has a curse which improves the following skills: Melee Combat: Short
   Blades, Long Blades, Axes, Maces & Flails, Polearms, Staves and Unarmed
   Combat.
   Introspection: Fighting and Spellcasting.
 A - an amulet of regeneration (around neck)
 E - a ring of willpower
 H - a ring of see invisible
Wands
 j - a wand of paralysis (10)
 s - a wand of iceblast (4)
 C - a wand of acid (7)
Scrolls
 e - 6 scrolls of identify
 l - 2 scrolls of amnesia
 m - 2 scrolls of fog
 t - 2 scrolls of teleportation
 B - a scroll of summoning
 F - 3 scrolls of fear
 I - a scroll of poison
Potions
 c - 4 potions of ambrosia
 d - 2 potions of attraction
 g - 4 potions of invisibility
 i - 3 potions of mutation
 k - 6 potions of curing
 n - 5 potions of lignification
 o - 2 potions of heal wounds
 q - 2 potions of haste
 r - a potion of cancellation
 v - a potion of resistance
 w - 2 potions of degeneration
 x - a potion of brilliance
 z - 2 potions of might
 G - a potion of magic


   Skills:
 + Level 9.7(10.5) Fighting
 + Level 9.8(10.6) Polearms
 + Level 8.9 Dodging
 + Level 7.1 Stealth


You had 9 spell levels left.
You didn't know any spells.
Your spell library contained the following spells:

 Spells                   Type           Power      Damage    Failure   Level
 Apportation              Tloc           0%         N/A       47%         1
 Beastly Appendage        Tmut           0%         N/A       47%         1
 Freeze                   Ice            0%         1d3       47%         1
 Slow                     Hex            0%         N/A       47%         1
 Summon Small Mammal      Summ           0%         N/A       47%         1
 Wereblood                Tmut           0%         N/A       63%         2
 Call Canine Familiar     Summ           0%         N/A       85%         3
 Confusing Touch          Hex            0%         N/A       85%         3
 Frozen Ramparts          Ice            0%         1d2       85%         3
 Spider Form              Tmut/Pois      0%         N/A       85%         3
 Summon Guardian Golem    Hex/Summ       0%         N/A       85%         3
 Vampiric Draining        Necr           0%         2d6       85%         3
 Hailstorm                Conj/Ice       0%         3d3       99%         4
 Ice Form                 Ice/Tmut       0%         N/A       99%         4
 Summon Ice Beast         Ice/Summ       0%         N/A       99%         4
 Alistair's Intoxication  Tmut/Pois      0%         N/A       100%        5
 Borgnjor's Vile Clutch   Necr/Erth      0%         N/A       100%        5
 Eringya's Noxious Bog    Tmut/Pois      0%         N/A       100%        6
 Simulacrum               Ice/Necr       0%         N/A       100%        6


Dungeon Overview and Level Annotations

Branches:
Dungeon (9/15)             Temple (1/1) D:7           Sewer (visited)
Ossuary (visited)
   Lair: D:8-11         Orc: D:9-12

Altars:
Ashenzari
Cheibriados
Dithmenos
Elyvilon
Fedhas
Gozag
Hepliaklqana
Kikubaaqudgha
Makhleb
Nemelex Xobeh
Okawaru
Qazlal
Ru
Sif Muna
Trog
Uskayaw
Vehumet
Wu Jian
Xom
Yredelemnul
Zin
The Shining One

Annotations:
D:6 exclusion: electric eel
D:8 Grum


Innate Abilities, Weirdness & Mutations

You have a pair of horns on your head.
You reflexively headbutt those who attack you in melee.


Message History

You are more poisoned.
The killer bee poisons you! The killer bee barely misses you.
The killer bee misses you. The killer bee barely misses you.
You furiously retaliate!
You headbutt the killer bee!
The killer bee attacks as you move away!
The killer bee barely misses you.
You feel very sick.
The killer bee stings you but does no damage.
The killer bee closely misses you. The killer bee barely misses you.
You feel very sick. The killer bee misses you.
The killer bee barely misses you. x2
The killer bee closely misses you. x2; You furiously retaliate!
You headbutt the killer bee.
The killer bee attacks as you move away!
The killer bee completely misses you.
The killer bee attacks as you move away!
The killer bee stings you!
* * * LOW HITPOINT WARNING * * *
Your surroundings suddenly seem different.
Found a glowing golden altar of the Shining One.
You feel very sick.
You feel sick.
You feel sick.
The wolf howls! x2
You feel sick. The wolf bites you but does no damage.
You feel sick. The wolf bites you.
* * * LOW HITPOINT WARNING * * *
You feel sick. The wolf barely misses you. The wolf bites you.
* * * LOW HITPOINT WARNING * * *
The wolf attacks as you move away! The wolf barely misses you.
You feel sick. The wolf completely misses you.
There is a stone staircase leading down here.
You feel sick.
You are no longer poisoned.
The wolf bites you!
* * * LOW HITPOINT WARNING * * *
The wolf bites you but does no damage. The wolf bites you.
* * * LOW HITPOINT WARNING * * *
The wolf bites you.
You die...

#...............#...
#.#####......#[.....
#.# #..)...###....
#.# #).##).##.....
#.# ##########.....
#.####_###_####....#
#.##8...8...8##....#
#.##h........##>.###
#.#@h........_#.....
####.........##.....
###8...8...8###...#
###_###g#####...#
##########..###
##.##........#.
#...#...##.....
#......##..##..
##.......#......


You could see Grum (wandering) and 2 wolves.

Vanquished Creatures
  Pikel (D:4)
  Maggie (D:6)
  A hornet (D:8)
  A wyvern (D:8)
  An acid dragon (D:8)
  2 water moccasins
  3 ice beasts
  2 black bears (D:6)
  2 sky beasts
  3 phantoms
  Blork the orc (D:6)
  3 bullfrogs (D:8)
  2 water moccasin zombies (Ossuary)
  2 wyvern zombies (Ossuary)
  3 necrophages
  7 killer bees (D:8)
  5 howler monkeys
  3 electric eels (D:6)
  A bullfrog zombie (Ossuary)
  A hound (D:5)
  3 centaur zombies (Ossuary)
  5 orc priests
  5 iguanas
  12 mummies (Ossuary)
  5 orc wizards
  A hell rat (Sewer)
  4 killer bee zombies (Ossuary)
  4 howler monkey zombies (Ossuary)
  7 gnolls
  A river rat (Sewer)
  6 adders
  2 ufetubi
  5 worms
  2 dart slugs
  34 orcs
  7 endoplasms
  2 giant cockroaches
  9 goblins
  7 hobgoblins
  7 jackals
  8 kobolds
  6 quokkas
  6 ball pythons
  5 bats
  2 frilled lizards (D:1)
  7 rats
207 creatures vanquished.

Vanquished Creatures (others)
  A fungus (D:6)
  4 withered plants (Ossuary)
5 creatures vanquished.

Grand Total: 212 creatures vanquished

Notes
Turn   | Place    | Note
-------+----------+-------------------------------------------
     0 | D:1      | nrs142 the Minotaur Monk began the quest for the Orb.
     0 | D:1      | Reached XP level 1. HP: 19/19 MP: 0/0
     1 | D:1      | Noticed an electric eel
    57 | D:1      | Reached XP level 2. HP: 9/27 MP: 1/1
   253 | D:1      | Found a faded altar of an unknown god.
   354 | D:1      | Prayed at the altar of an unknown god.
   354 | D:1      | Became a worshipper of Ashenzari the Shackled
   578 | D:1      | Reached XP level 3. HP: 29/33 MP: 2/2
  1879 | D:3      | Found a glowing drain.
  1902 | Sewer    | Entered a sewer
  1954 | Sewer    | Reached XP level 4. HP: 41/41 MP: 3/3
  2938 | D:4      | Reached XP level 5. HP: 47/47 MP: 4/4
  2941 | D:4      | Noticed a phantom
  2947 | D:4      | Killed a phantom
  2951 | D:4      | Reached skill level 5 in Fighting
  2951 | D:4      | Reached skill level 5 in Polearms
  2951 | D:4      | Reached XP level 6. HP: 22/56 MP: 5/5
  3144 | D:4      | Identified a scroll of acquirement
  3144 | D:4      | Acquired the ring of Salvation {+Blink rC- rCorr Str+6
                  | Int+3}
  3264 | D:4      | Noticed Pikel
  3273 | D:4      | Killed Pikel
  3274 | D:4      | Reached skill level 5 in Dodging
  3274 | D:4      | Reached XP level 7. HP: 26/63 MP: 6/6
  3833 | D:5      | Entered Level 5 of the Dungeon
  4322 | D:5      | You fall into a shaft and drop 1 floor!
  4348 | D:6      | Reached * piety under Ashenzari
  4365 | D:6      | Reached XP level 8. HP: 52/73 MP: 7/7
  4637 | D:6      | Noticed Maggie
  4654 | D:6      | Killed Maggie
  4655 | D:6      | Reached skill level 5 in Stealth
  4906 | D:6      | Noticed Blork the orc
  4917 | D:6      | Killed Blork the orc
  5283 | D:7      | Reached XP level 9. HP: 69/82 MP: 8/8
  5308 | D:7      | Found a staircase to the Ecumenical Temple.
  5407 | D:7      | Found a sand-covered staircase.
  5412 | Ossuary  | Entered an ossuary
  6868 | Temple   | Entered the Ecumenical Temple
  7151 | D:8      | Found a glowing silver altar of Zin.
  7247 | D:8      | Reached XP level 10. HP: 78/93 MP: 9/9
  7488 | D:8      | Found a shimmering blue altar of Sif Muna.
  7489 | D:8      | Noticed Grum
  7491 | D:8      | Found a stormy altar of Qazlal.
  7491 | D:8      | Found a broken altar of Ashenzari.
  7746 | D:8      | Found a white marble altar of Elyvilon.
  7780 | D:8      | Found a glowing golden altar of the Shining One.
  7787 | D:8      | Slain by a wolf

Illustrated notes

Levels and vault maps discovered:
D:1:      arrival_aquarium_a, layout_rooms,
          shapermc_ecumenical_altar_mp_highgroup
D:2:      layout_basic, grunt_ministairs_15
D:3:      layout_loops_ring, cheibrodos_sewer_entry_bend, kennysheep_doodads
D:4:      layout_rooms, chequers_serial_rivers_large_a, uniq_pikel
D:5:      layout_basic, kennysheep_generic_room_5
D:6:      layout_loops_cross, water_boxes_lemuel, uniq_blork_the_orc,
          uniq_maggie
D:7:      layout_layer_cave, minmay_temple_entry_mist, enter_bailey_2,
          enter_ossuary_2, grunt_ministairs_2
D:8:      layout_cave_pools, zin_academy, nicolae_overflow_hidden_temple,
          uniq_grum
D:9:      layout_layer_cave, uniq_maurice, uniq_gastronok
Temple:   nicolae_temple_elliptical

Skill      XL: |  1  2  3  4  5  6  7  8  9 10 |
---------------+-------------------------------+-----
Fighting       | 4 5 6 7 9 |  9.7
Polearms       | 4 5 6 7 9 |  9.8
Stealth        | 2 3 4 5 6 7 |  7.1
Dodging        | 4 5 6 7 8 |  8.9

Action                   |  1- 3 |  4- 6 |  7- 9 | 10-12 || total
-------------------------+-------+-------+-------+-------++-------
Melee: Spear             |   136 |       |       |       ||   136
       Headbutt          |    17 |     9 |    52 |     3 ||    81
       Punch             |     1 |       |       |       ||     1
       Halberd           |    17 |    71 |   309 |    32 ||   429
Invok: Curse Item        |     1 |       |     1 |       ||     2
  Use: Scroll            |       |     2 |    11 |     1 ||    14
       Potion            |       |       |     5 |     1 ||     6
 Stab: Sleeping          |     6 |     4 |    18 |     3 ||    31
       Distracted        |       |     1 |     2 |       ||     3
Armor: Robe              |     9 |       |       |       ||     9
       Leather armour    |    13 |     7 |    22 |    12 ||    54
Dodge: Dodged            |    53 |    35 |   169 |    75 ||   332

Table legend: (Time is in decaauts)
 A = Elapsed time spent in this place.
 B = Non-inter-level travel time spent in this place.
 C = Inter-level travel time spent in this place.
 D = Time resting spent in this place.
 E = Time spent auto-exploring this place.
 F = Levels seen in this place.
 G = Mean time per level.
                   A        B        C        D        E       F      G
               +--------+--------+--------+--------+--------+-----+--------+
         Total |   7905 |   7584 |    321 |    554 |   5043 |  12 |  658.8 |
       Dungeon |   7102 |   6806 |    296 |    454 |   4640 |   9 |  789.1 |
        Temple |    161 |    136 |     25 |      0 |    119 |   1 |  161.0 |
         Sewer |    126 |    126 |      0 |      0 |     60 |   1 |  126.0 |
       Ossuary |    514 |    514 |      0 |    100 |    223 |   1 |  514.0 |
               +--------+--------+--------+--------+--------+-----+--------+

Top non-repeatable levels by time:
     D:7: 1195 daAuts
     D:3: 1081 daAuts
     D:6: 961 daAuts
     D:4: 938 daAuts
     D:2: 916 daAuts
     D:1: 820 daAuts
     D:8: 691 daAuts
 Ossuary: 514 daAuts
     D:5: 491 daAuts
  Temple: 161 daAuts
   Sewer: 126 daAuts
     D:9: 5 daAuts
